Construct Section Command Post
Selects Air and Sea Battlegroup
Construct Field Infirmary
Selects Commando Section Paradrop
Commando Section Paradrop
Construct Platoon Command Post
Selects Commando LMG Section Paradrop
Unlock Bishop Self-propelled Artillery
Bishop Self-propelled Artillery
Construct Company Command Post
Commando LMG Section Paradrop
Selects Centaur Medium Tank
Bishop Self-propelled Artillery
Selects Naval Bombardment
Selects Anti-tank Rocket Loiter
Bishop Self-propelled Artillery